 Dungeon Crawl Stone Soup version 0.16-a0-1243-g6e0463c (webtiles) character file.

1384 Herrn the Skirmisher (level 8, 0/52 HPs)
             Began as a Gargoyle Fighter on Oct 13, 2014.
             Slain by a troll (6 damage)
             ... on level 6 of the Dungeon.
             The game lasted 00:16:26 (4715 turns).

Herrn the Skirmisher (Gargoyle Fighter)             Turns: 4715, Time: 00:16:27

Health: 0/52       AC: 13    Str: 21    XL:     8   Next: 67%
Magic:  8/8        EV:  7    Int:  9    God:
Gold:   364        SH: 10    Dex: 10    Spells: 0 memorised, 7 levels left

rFire  . . .     SeeInvis .     a - +1 war axe
rCold  . . .     Clarity  .     b - +0 scale mail
rNeg   + + .     SustAb   .     c - +0 shield
rPois  +         Gourm    .     (no helmet)
rElec  +         Spirit   .     m - +0 cloak
rCorr  .         Warding  +     (no gloves)
rMut   .         Stasis   .     (no boots)
MR     .....                    y - amulet of warding
Stlth  ..........               (no ring)
                                e - +5 ring of slaying

@: not resistant to hostile enchantments, extremely unstealthy
A: negative energy resistance 1, electricity resistance, unbreathing,
petrification resistance, rot immunity, AC +5
a: no special abilities


You were on level 6 of the Dungeon.
You were very hungry.

You visited 1 branch of the dungeon, and saw 6 of its levels.
You also visited: Sewer.

You collected 364 gold pieces.

Inventory:

Hand weapons
 a - a +1 war axe (weapon)
 o - a +5 club
 A - a cursed -3 whip
Armour
 b - a +0 scale mail (worn)
 c - a +0 shield (worn)
 m - a +0 cloak (worn)
Jewellery
 e - a +5 ring of slaying (left hand)
 j - an uncursed ring of protection from fire {unknown}
 y - an amulet of warding (around neck)
Scrolls
 f - a scroll of amnesia
 i - a scroll of teleportation
 r - 3 scrolls of remove curse
 v - 2 scrolls of magic mapping
 x - a scroll of identify
Potions
 h - 2 potions of curing
 q - 4 potions of haste
 t - a potion of magic
 z - a potion of cure mutation
 C - 2 potions of berserk rage
Comestibles
 d - 5 bread rations
 g - a beef jerky
 k - 2 rotting chunks of orc flesh
 l - a rotting chunk of bat flesh
 s - a slice of pizza
 u - 2 chunks of crocodile flesh
 w - 3 meat rations
 B - a royal jelly


   Skills:
 * Level 6.8 Fighting
 * Level 4.9 Axes
 - Level 0.2(3.2) Maces & Flails
 + Level 5.3 Armour
 + Level 3.4 Dodging
 + Level 5.5 Shields


You had 7 spell levels left.
You didn't know any spells.

Dungeon Overview and Level Annotations

Branches:
Dungeon (6/15)
 Temple: D:4-7

Altars:
Ashenzari
Dithmenos
Elyvilon
Qazlal
Ru
Sif Muna
Xom

Shops:
D:4 %


Innate Abilities, Weirdness & Mutations

You are resistant to torment.
You are immune to poison.
Your stone body is very resilient (AC +5).
You resist negative energy.
You are resistant to electric shocks.
You can survive without breathing.
You are immune to petrification.
You are immune to rotting.


Message History

You slash the troll!
The troll is severely wounded.
The troll bites you but does no damage. The troll barely misses you.
The troll claws you but does no damage.
You hit the troll.
The troll is almost dead.
You block the troll's attack. The troll claws you.
The troll claws you but does no damage.
You hit the troll.
The troll is almost dead.
The troll bites you! The troll claws you. The troll claws you!
You hit the troll but do no damage.
The troll is almost dead.
You block the troll's attack. x2
The troll claws you!
* * * LOW HITPOINT WARNING * * *
The troll bites you!
* * * LOW HITPOINT WARNING * * *
You block the troll's attack. The troll claws you.
You die...

#.# #.# #.#
#.###################
#...................####
################(......##
#**** ###...#......##
***##...###...######....##
*,,.......>@###* #####.##
***#####...T...#* ##.##
##..s(...# ##.#
*#...≈≈≈..# ##)
**#....≈≈≈..#**** #.
**...<..≈≈≈....,,** #.
*,,.....≈≈≈...,,,,* **#<
*,**##...8.?.**,,,* *#...
**,* **...,,***,*+* #..##


You could see a troll and a scorpion.

Vanquished Creatures
  A phantom (D:4)
  A crocodile (Sewer)
  An ogre (D:4)
  A centaur (D:6)
  A gnoll sergeant (D:6)
  2 scorpions
  A crimson imp (D:5)
  4 hounds
  A gnoll shaman (D:5)
  An orc priest (D:6)
  A giant frog skeleton (D:4)
  A centaur skeleton (D:5)
  4 orc wizards
  An iguana (D:5)
  6 worker ants
  Jessica (D:2)
  A big kobold skeleton (D:5)
  A mummy (D:5)
  7 adders
  8 gnolls
  3 green rats (D:6)
  A giant mite (D:3)
  3 worms
  5 giant geckos
  11 orcs
  A ball python (D:2)
  19 bats
  5 giant cockroaches
  11 goblins
  11 hobgoblins
  16 kobolds
  3 quokkas (D:2)
  A giant newt (D:3)
  3 hobgoblin zombies (D:5)
  An orc skeleton (D:5)
  An orc zombie (D:5)
  8 rats
148 creatures vanquished.

Notes
Turn   | Place    | Note
--------------------------------------------------------------
     0 | D:1      | Herrn, the Gargoyle Fighter, began the quest for the Orb.
     0 | D:1      | Reached XP level 1. HP: 14/14 MP: 1/1
   191 | D:1      | Reached XP level 2. HP: 16/20 MP: 2/2
   643 | D:2      | Reached XP level 3. HP: 20/24 MP: 3/3
   665 | D:2      | Found a shimmering altar of Xom.
   857 | D:2      | Noticed Jessica
   861 | D:2      | Killed Jessica
   861 | D:2      | Reached skill level 4 in Fighting
   878 | D:2      | Reached XP level 4. HP: 27/29 MP: 4/4
   991 | D:2      | Reached skill level 1 in Dodging
  1398 | D:3      | Found a sacrificial altar of Ru.
  1400 | D:3      | Found a stormy altar of Qazlal.
  1423 | D:3      | Found a shattered altar of Ashenzari.
  1475 | D:3      | Reached XP level 5. HP: 33/33 MP: 5/5
  2308 | D:4      | Noticed a phantom
  2312 | D:4      | Reached XP level 6. HP: 39/39 MP: 6/6
  2370 | D:4      | Killed a phantom
  2376 | D:4      | Found Upoak's Food Boutique.
  2521 | D:4      | Reached skill level 5 in Fighting
  2675 | D:4      | Reached XP level 7. HP: 29/44 MP: 7/7
  2788 | D:4      | Found a shadowy altar of Dithmenos.
  3169 | D:4      | Reached skill level 5 in Shields
  3221 | D:5      | Entered Level 5 of the Dungeon
  3505 | D:5      | Reached XP level 8. HP: 39/51 MP: 8/8
  3599 | D:5      | Reached skill level 6 in Fighting
  3651 | D:5      | Found a white marble altar of Elyvilon.
  3679 | D:5      | Reached skill level 5 in Armour
  4074 | D:5      | Found a shattered altar of Ashenzari.
  4097 | D:5      | Found a deep blue altar of Sif Muna.
  4474 | D:6      | Found a glowing drain.
  4487 | Sewer    | Entered a sewer
  4641 | Sewer    | Gained mutation: Your body is slowly deteriorating. [potion of mutation]
  4641 | Sewer    | Gained mutation: You are frail (-10% HP). [potion of mutation]
  4642 | Sewer    | Lost mutation: You are frail (-10% HP). [potion of mutation]
  4642 | Sewer    | Gained mutation: Potions and wands are less effective at restoring your health. [potion of mutation]
  4642 | Sewer    | Gained mutation: You are resistant to hostile enchantments. [potion of mutation]
  4645 | Sewer    | Lost mutation: You are resistant to hostile enchantments. [potion of cure mutation]
  4645 | Sewer    | Lost mutation: Your body is slowly deteriorating. [potion of cure mutation]
  4645 | Sewer    | Lost mutation: Potions and wands are less effective at restoring your health. [potion of cure mutation]
  4709 | D:6      | Noticed a troll
  4715 | D:6      | Slain by a troll

Action                   |  1- 3 |  4- 6 |  7- 9 || total
-------------------------+-------+-------+-------++-------
Melee: War axe           |   112 |   106 |   175 ||   393
       Club              |     3 |    97 |       ||   100
  Use: Potion            |       |     2 |    11 ||    13
       Scroll            |       |     1 |    10 ||    11
  Eat: Chunk             |       |     6 |     7 ||    13
